 Dungeon Crawl Stone Soup version 0.24-a0-381-g637bb3806f (webtiles) character file.

Game seed: 15027408454863475374

1922 emperorscorpion the Covered (level 8, -6/61 HPs)
             Began as a Demonspawn Chaos Knight on June 3, 2019.
             Was a Plaything of Xom.
             Mangled by an ogre
             ... wielding a +0 giant spiked club
              (18 damage)
             ... on level 7 of the Dungeon.
             The game lasted 00:13:29 (7679 turns).

emperorscorpion the Covered (DsCK)                  Turns: 7679, Time: 00:13:30

Health: -6/61      AC:  9    Str: 20    XL:     8   Next: 96%
Magic:  12/12      EV: 12    Int: 14    God:    Xom [*.....]
Gold:   3232       SH:  4    Dex: 12    Spells: 6/12 levels left

rFire    . . .     SeeInvis .   a - +2 short sword (elec)
rCold    + + .     Gourm    .   (no shield)
rNeg     . . .     Faith    .   p - +2 leather armour
rPois    +         Spirit   .   g - +1 hat
rElec    .         Reflect  +   N - +0 cloak
rCorr    .         Harm     .   l - +0 pair of gloves
MR       ++...                  (no boots)
Stlth    ++........             S - +4 amulet of reflection
HPRegen  0.20/turn              K - ring of protection from magic
MPRegen  0.13/turn              D - ring of protection from magic

@: mighty
A: claws 1, blink, blurry vision 1, cold resistance 2, poison resistance,
powered by pain 1
a: Blink, Renounce Religion


You were on level 7 of the Dungeon.
You worshipped Xom.
You were a special plaything of Xom.
You were not hungry.

You visited 1 branch of the dungeon, and saw 8 of its levels.

You collected 3232 gold pieces.

Inventory:

Hand Weapons
 a - a +2 short sword of electrocution (weapon)
 b - a +0 spear of chaos
 w - a +0 dagger of venom
 H - a +1 war axe of venom
Missiles
 s - 31 poisoned darts (quivered)
 v - 11 boomerangs
 I - 5 javelins
 P - a throwing net
Armour
 g - a +1 hat (worn)
 h - a +0 chain mail
 l - a +0 pair of gloves (worn)
 p - a +2 leather armour (worn)
 F - a +0 ring mail
 L - the +5 chain mail of Widu {+Fly rF- rCorr}
   (You took it off an orc on level 6 of the Dungeon)

   It makes you vulnerable to fire.
   It lets you fly.
   It provides partial protection from all sources of acid and corrosion.
 N - a +0 cloak (worn)
 R - the +0 leather armour of Gopen {rCorr Int-2 Dex+4}
   (You found it on level 7 of the Dungeon)

   It affects your intelligence (-2).
   It affects your dexterity (+4).
   It provides partial protection from all sources of acid and corrosion.
Jewellery
 D - a ring of protection from magic (right hand)
 K - a ring of protection from magic (left hand)
 S - a +4 amulet of reflection (around neck)
Wands
 y - a wand of random effects (23)
Scrolls
 d - 2 scrolls of remove curse
 i - 4 scrolls of fear {unknown}
 j - 7 scrolls of identify
 k - 7 scrolls of teleportation
 n - a scroll of enchant weapon {unknown}
 t - 2 scrolls of amnesia {unknown}
 x - a scroll of immolation {unknown}
 A - a scroll of blinking {unknown}
 E - 2 scrolls of noise {unknown}
 G - 2 scrolls of magic mapping {unknown}
 M - a scroll of enchant armour {unknown}
Potions
 e - 3 potions of might
 f - a potion of cancellation
 m - a potion of degeneration {unknown}
 o - a potion of curing {unknown}
 q - a potion of agility
 r - a potion of magic {unknown}
 u - a potion of flight {unknown}
 z - a potion of berserk rage {unknown}
 B - a potion of haste {unknown}
 C - a potion of lignification {unknown}
 J - 2 potions of heal wounds
 O - a potion of resistance {unknown}
Comestibles
 c - 13 rations


   Skills:
 + Level 4.9 Fighting
 + Level 4.6 Short Blades
 - Level 3.2 Polearms
 - Level 2.0 Throwing
 + Level 5.0 Armour
 + Level 2.6 Dodging
 + Level 2.0 Stealth
 * Level 2.9 Spellcasting
 * Level 2.8 Hexes
 * Level 2.3 Charms
 * Level 3.1 Necromancy


You had 6 spell levels left.
You knew the following spells:

 Your Spells              Type           Power        Failure   Level  Hunger
a - Regeneration          Chrm/Necr      #.........   24%         3    ###....
b - Spectral Weapon       Hex/Chrm       #.......     26%         3    ###....

Your spell library contained the following spells:

 Spells                   Type           Power        Failure   Level  Hunger
 Infusion                 Chrm           #...         10%         1    #......
 Song of Slaying          Chrm           #.......     14%         2    ##.....
 Shroud of Golubria       Chrm/Tloc      #.........   24%         2    ##.....
 Swiftness                Chrm/Air       #.......     24%         2    ##.....
 Shock                    Conj/Air       #...         26%         1    #......
 Static Discharge         Conj/Air       #.......     58%         3    ###....
 Airstrike                Air            #.........   94%         4    #####..
 Lightning Bolt           Conj/Air       #.........   100%        5    ######.


Dungeon Overview and Level Annotations

Branches:
Dungeon (8/15)             Temple (0/1) D:4
   Lair: D:8-11

Altars:
Ashenzari
Gozag
Hepliaklqana
Makhleb
Nemelex Xobeh
Okawaru
Wu Jian
Xom
Yredelemnul
The Shining One

Shops:
D:6 :


Innate Abilities, Weirdness & Mutations

You have sharp fingernails.
Your flesh is very cold resistant. (rC++)
You sometimes gain a little power by taking damage.
You can translocate small distances at will.
Scrolls take you a little longer to read.
Your system is resistant to poisons. (rPois)


Message History

The ogre looks even sicker.
The orc wizard casts a spell.
The orc wizard blinks!
Xom's attention turns to you for a moment.
Nothing appears to happen.
The orc wizard gestures wildly while chanting.
The orc wizard blinks!
The orc wizard mumbles some strange words.
The orc wizard blinks!
The orc wizard mumbles some strange words.
The orc wizard blinks!
The ogre looks more healthy.
You puncture the ogre!
The ogre is severely wounded.
The ogre hits you with a +0 giant spiked club!
* * * LOW HITPOINT WARNING * * *
You hit the ogre.
The ogre is almost dead.
The ogre hits you with a +0 giant spiked club!!
You die...

#..((.ยง.......#
#......#.#.
....###.......#
#........#.
###..........##
#......###.
..#####....# #......#
#. #### ####.#
#.##.### #. #o#
###.##.#####. #.#
#............
#.########.#.......###
#..oO@.....####.##.#
############ #.##.#
####.##.# #.......#
####.#### ####.#
#....# ######


You could see an ogre and an orc wizard.

Vanquished Creatures
  A hog (D:7)
  A black bear (D:4)
  2 phantoms (D:7)
  An orc warrior (D:7)
  An ice beast (D:5)
  An ogre (D:4)
  Blork the orc (D:5)
  2 scorpions
  5 killer bees (D:7)
  A crimson imp (D:5)
  A centaur zombie (D:6)
  A bullfrog zombie (D:5)
  3 bullfrog skeletons
  An orc priest (D:4)
  5 hounds
  An iron imp (D:7)
  2 jellies
  Jessica (D:3)
  An orc wizard (D:4)
  5 worker ants
  4 gnolls
  7 adders
  A shadow imp (D:6)
  An ooze (D:3)
  An adder zombie (D:7)
  5 worms
  2 dart slugs
  6 leopard geckos
  18 orcs
  16 bats
  A giant cockroach (D:2)
  6 goblins
  8 hobgoblins
  11 jackals
  5 quokkas
  3 ball pythons
  7 frilled lizards
  7 kobolds
  A quokka skeleton (D:4)
  3 rats
150 creatures vanquished.

Notes
Turn   | Place    | Note
-------+----------+-------------------------------------------
     0 | D:1      | emperorscorpion the Demonspawn Chaos Knight began the quest
                  | for the Orb.
     0 | D:1      | Reached XP level 1. HP: 18/18 MP: 1/1
    15 | D:1      | XOM: potion effect (invisibility)
    18 | D:1      | Reached skill level 1 in Dodging
   206 | D:1      | Gained mutation: You sometimes gain a little power by
                  | taking damage. [demonic ancestry]
   206 | D:1      | Reached XP level 2. HP: 17/24 MP: 2/2
   588 | D:1      | Reached skill level 2 in Armour
   722 | D:1      | XOM: harmless Chrm miscast
   872 | D:2      | Reached XP level 3. HP: 27/29 MP: 3/3
   966 | D:2      | XOM: potion effect (invisibility)
  1230 | D:2      | XOM: mild Ice miscast
  1232 | D:2      | Reached XP level 4. HP: 30/35 MP: 4/4
  1285 | D:2      | Found a glowing golden altar of the Shining One.
  1305 | D:2      | Reached skill level 1 in Stealth
  1652 | D:2      | XOM: harmless Summ miscast
  1951 | D:3      | Noticed Jessica
  1974 | D:3      | Reached skill level 1 in Short Blades
  1980 | D:3      | XOM: polymorph orc -> leopard gecko
  2215 | D:3      | Killed Jessica
  2215 | D:3      | Gained mutation: You have sharp fingernails. [demonic
                  | ancestry]
  2215 | D:3      | Reached XP level 5. HP: 39/41 MP: 5/5
  2222 | D:3      | Reached skill level 3 in Armour
  2240 | D:3      | Found an opulent altar of Gozag.
  2335 | D:3      | XOM: harmless Tmut miscast
  3122 | D:4      | Found a staircase to the Ecumenical Temple.
  3280 | D:4      | Noticed an ogre
  3283 | D:4      | XOM: blink monster(s)
  3290 | D:4      | XOM: swap monsters
  3291 | D:4      | Killed an ogre
  3291 | D:4      | Reached XP level 6. HP: 41/48 MP: 6/6
  3436 | D:4      | XOM: harmless Tmut miscast
  3525 | D:4      | XOM is BORED!
  3525 | D:4      | XOM: mild Fire miscast
  3590 | D:4      | XOM: summons friendly shadow imp
  3745 | D:4      | Reached skill level 4 in Armour
  3745 | D:4      | Reached XP level 7. HP: 34/55 MP: 7/7
  3907 | D:4      | Found a burning altar of Makhleb.
  3907 | D:4      | Noticed an Executioner
  3911 | D:4      | Noticed a neqoxec
  3911 | D:4      | Noticed a smoke demon
  3928 | D:4      | XOM: blink monster(s)
  4194 | D:4      | Found an iron altar of Okawaru.
  4324 | D:5      | Entered Level 5 of the Dungeon
  4327 | D:5      | XOM: confusion (+ monsters)
  4353 | D:5      | Learned a level 3 spell: Regeneration
  4357 | D:5      | Learned a level 3 spell: Spectral Weapon
  4475 | D:5      | Reached skill level 1 in Throwing
  4511 | D:5      | Noticed Blork the orc
  4518 | D:5      | XOM: blink monster(s)
  4521 | D:5      | Killed Blork the orc
  4531 | D:5      | XOM: confuse monster(s)
  4535 | D:5      | Reached skill level 1 in Spellcasting
  4540 | D:5      | Reached skill level 1 in Necromancy
  4594 | D:5      | Reached skill level 1 in Hexes
  4601 | D:5      | XOM: swap monsters
  4606 | D:5      | XOM: severe Ice miscast
  4607 | D:5      | Reached skill level 1 in Charms
  5424 | D:6      | XOM: give mutation
  5424 | D:6      | Gained mutation: Scrolls take you a little longer to read.
                  | [Xom's mischief]
  5426 | D:6      | XOM: mild Summ miscast
  5428 | D:6      | Gained mutation: Your flesh is cold resistant. (rC+)
                  | [demonic ancestry]
  5428 | D:6      | Reached XP level 8. HP: 36/61 MP: 10/10
  5589 | D:6      | Found Waleo's Book Shop.
  5661 | D:6      | Found an ornate altar of the Wu Jian Council.
  5696 | D:6      | Found a hazy altar of Hepliaklqana.
  5696 | D:6      | Identified the +5 chain mail of Widu {+Fly rF- rCorr}
  5731 | D:6      | Found a glowing silver altar of Zin.
  5733 | D:6      | Found a shimmering altar of Xom.
  5733 | D:6      | Found a stormy altar of Qazlal.
  5735 | D:6      | Found an ancient bone altar of Kikubaaqudgha.
  5735 | D:6      | Found a burning altar of Makhleb.
  5735 | D:6      | Found a basalt altar of Yredelemnul.
  6152 | D:6      | XOM: mild Pois miscast
  6522 | D:7      | XOM: polymorph quasit -> iron imp
  6524 | D:7      | XOM: harmless Fire miscast
  6674 | D:7      | Got an ancient leather armour
  6733 | D:7      | Identified the cursed +0 leather armour of Gopen {rCorr
                  | Int-2 Dex+4} (You found it on level 7 of the Dungeon)
  6756 | D:7      | XOM: give mutations
  6756 | D:7      | Gained mutation: Your system is resistant to poisons.
                  | (rPois) [Xom's grace]
  6756 | D:7      | Gained mutation: You can translocate small distances at
                  | will. [Xom's grace]
  6756 | D:7      | Gained mutation: Your flesh is very cold resistant. (rC++)
                  | [Xom's grace]
  6781 | D:7      | XOM: harmless Summ miscast
  6812 | D:7      | Found a sparkling altar of Nemelex Xobeh.
  6852 | D:7      | XOM: noise
  6861 | D:7      | XOM: noise
  7110 | D:7      | XOM is BORED!
  7110 | D:7      | XOM: mild Ice miscast
  7122 | D:7      | Noticed a komodo dragon
  7146 | D:7      | XOM: enchant monster (good)
  7163 | D:7      | XOM: god gift: 2850 gold pieces
  7181 | D:7      | a komodo dragon changed into a hog
  7181 | D:7      | XOM: polymorph komodo dragon -> hog
  7335 | D:7      | XOM: 2-stop teleportation journey
  7355 | D:7      | Reached skill level 5 in Armour
  7580 | D:7      | Found a shattered altar of Ashenzari.
  7654 | D:7      | XOM: confusion
  7667 | D:7      | XOM: harmless Tloc miscast
  7679 | D:7      | Mangled by an ogre

Levels and vault maps discovered:
D:1:      tarquinn_simple_flora_water_d, layout_basic, minmay_misc_feat_tower
D:2:      layout_loops_ring, tso_metal_star, grunt_ministairs_15,
          minmay_hexomino_p4
D:3:      layout_loops_ring, lemuel_doored_altar, roderic_batcave, uniq_jessica
D:4:      black_bear_nest_2, layout_cave_pools, kennysheep_okawaru_gauntlet,
          makhleb_altar_promises_db, minmay_temple_entry_offerings
D:5:      layout_loops_cross, first_ration, uniq_blork_the_orc
D:6:      layout_basic, kennysheep_mini, doesnt_xom_only_xom,
          old_standard_altar, serial_shops, shop
D:7:      layout_loops_ring, kennysheep_mini_moat, lemuel_crystal_altar,
          uniq_crazy_yiuf_cottage
D:8:      gammafunk_beogh_shrine, layout_basic, lemuel_crystal_altar,
          erik_lair_orcish_takeover, uniq_erica, uniq_psyche, uniq_grum

Skill      XL: |  1  2  3  4  5  6  7  8 |
---------------+-------------------------+-----
Dodging        | 1 2 |  2.6
Polearms       | 3 |  3.2
Armour         | 2 3 4 5 |  5.0
Stealth        | 1 2 |  2.0
Short Blades   | 1 2 3 4 |  4.6
Fighting       | 4 |  4.9
Throwing       | 1 2 |  2.0
Spellcasting   | 1 2 |  2.9
Necromancy     | 1 3 |  3.1
Hexes          | 1 2 |  2.8
Charms         | 1 2 |  2.3

Action                   |  1- 3 |  4- 6 |  7- 9 || total
-------------------------+-------+-------+-------++-------
Melee: Spear             |    85 |       |       ||    85
       Short sword       |    46 |   219 |   207 ||   472
       Dagger            |       |     5 |       ||     5
Throw: Dart              |       |    18 |    43 ||    61
  Use: Scroll            |       |     1 |     2 ||     3
       Potion            |       |     3 |       ||     3
 Stab: Invisible         |     3 |       |       ||     3
       Sleeping          |     1 |       |     2 ||     3
  Eat: Chunk             |     1 |     8 |     9 ||    18
       Ration            |       |       |     1 ||     1
Armor: Chain mail        |    61 |   203 |    16 ||   280
       Leather armour    |       |       |    68 ||    68
Dodge: Dodged            |    43 |   105 |   117 ||   265
Block: Other             |       |       |    17 ||    17
       Reflection        |       |       |     1 ||     1

Table legend:
 A = Non-vault XP
 B = Vault XP
 C = Vault XP percentage of total XP
 D = Non-vault monster count
 E = Vault monster count
 F = Vault count percentage of total count
                 A         B        C        D         E       F
            +---------+---------+-------+---------+---------+-------
      Total |    2449 |     298 |  10.8 |     134 |      16 |  10.7
            +---------+---------+-------+---------+---------+-------
        D:1 |      33 |       0 |   0.0 |      21 |       0 |   0.0
        D:2 |      72 |      21 |  22.6 |      19 |       5 |  20.8
        D:3 |     132 |      47 |  26.3 |      29 |       9 |  23.7
        D:4 |     390 |     131 |  25.1 |      24 |       1 |   4.0
        D:5 |     494 |      99 |  16.7 |      16 |       1 |   5.9
        D:6 |     103 |       0 |   0.0 |       4 |       0 |   0.0
        D:7 |    1225 |       0 |   0.0 |      21 |       0 |   0.0
            +---------+---------+-------+---------+---------+-------
